[Event "13th Dolomiti-Forni di Sopra-A 2022"]
[Site "Forni di Sopra"]
[Date "2022.06.13"]
[Round "2.1"]
[White "Bernadskiy, Vitaliy"]
[Black "Bellia, Fabrizio"]
[Result "1-0"]
[ECO "D35"]
[WhiteElo "2636"]
[BlackElo "2418"]
[Annotator "TA"]
[PlyCount "71"]
[EventDate "2022.06.13"]
[EventType "swiss"]
[EventCountry "ITA"]
[SourceTitle "playchess.com"]
[Source "ChessBase"]
[SourceQuality "1"]
[TimeControl "40/5400+30:1800+30"]

1. c4 e6 2. Nc3 d5 3. d4 Nf6 4. cxd5 exd5 5. Bg5 c6 6. e3 h6 7. Bh4 Be7 8. Bd3 O-O 9. Nge2 $1 {[%emt 0:01:28][%mdl 4] now scores much better than the old 9.Qc2. D35: Queen's Gambit Declined: Exchange Variation.} Re8 10. O-O Nbd7 11. f3 {[%emt 0:00:46] The position is equal.} a5 {[%emt 0:01:02] [#]} 12. a4 $146 ({Predecessor:} 12. Bf2 Nf8 13. Kh1 b5 14. Bg1 a4 15. a3 Ne6 16. e4 dxe4 17. fxe4 Ng5 18. Qc2 {1-0 (61) Wagh,S (2245)-Vusatiuk,V (2323) Chess.com INT 2020}) 12... b6 13. Bf2 Ba6 14. Bxa6 Rxa6 15. Ng3 c5 16. Qb3 cxd4 17. exd4 Nf8 18. Nf5 Bb4 19. Rfe1 Rxe1+ 20. Rxe1 Qd7 {[%emt 0:00:24] [#]} (20... Ng6 $11 {remains equal.}) 21. Qc2 {[%emt 0:06:50] White is much more active.} (21. Ne3 $1 $16) 21... Ra8 22. g4 Re8 23. Rxe8 Nxe8 24. Na2 Bd6 25. Qb3 h5 26. h3 hxg4 27. hxg4 Bf4 {[%emt 0:02:07] [#]} ({Better is} 27... Qe6 $1 $14) 28. Qxd5 $3 $18 Qxa4 $2 {[%emt 0:05:09] This move loses the game for Black.} (28... Bh2+ $2 29. Kxh2 Nc7 30. Qxd7 Nxd7 31. Nc3 $18) (28... Nc7 $16 29. Qxd7 Nxd7) (28... Qc7 29. Qc6) 29. Ne7+ Kh7 30. Qxf7 Nf6 31. Nf5 (31. Qxf8 Qxa2 32. Qc8 (32. Nf5 Bh6 $16) 32... Qb1+ 33. Kg2 a4 $18) 31... Bh6 32. g5 ({Not} 32. Qxf8 Qxa2 33. Kg2 (33. Nxh6 Kxh6 34. Qh8+ Kg6 $16) 33... Qe6 $16) 32... Qd1+ 33. Kg2 Ng6 34. gxh6 {[%emt 0:00:24][%csl Gf5,Gh6][%cal Rf7g7] White mates.} Nf4+ 35. Kh2 N6h5 36. hxg7 {[%emt 0:00:39] Weighted Error Value: White=0.15 (very precise) /Black=0.41} 1-0

[Event "13th Dolomiti-Forni di Sopra-A 2022"]
[Site "Forni di Sopra"]
[Date "2022.06.13"]
[Round "2.3"]
[White "Basso, Pier Luigi"]
[Black "Harshavardhan G B"]
[Result "1/2-1/2"]
[ECO "E12"]
[WhiteElo "2570"]
[BlackElo "2367"]
[Annotator "TA"]
[PlyCount "150"]
[EventDate "2022.06.13"]
[EventType "swiss"]
[EventCountry "ITA"]
[SourceTitle "playchess.com"]
[Source "ChessBase"]
[SourceQuality "1"]
[TimeControl "40/5400+30:1800+30"]

1. d4 Nf6 2. c4 e6 3. Nf3 b6 4. a3 Bb7 5. Nc3 d5 6. Bg5 Be7 7. Bxf6 Bxf6 8. cxd5 exd5 9. Qa4+ {[%emt 0:00:05] E12: Queen's Indian: Unusual White 4th moves, 4 a3, 4 Nc3 Bb7 5 a3 and 4 Nc3 Bb7 .} Qd7 $1 {[%emt 0:02:39][%mdl 4] is currently scoring better than 9...c6.} 10. g3 O-O 11. Bg2 {[%emt 0:08:55] [#]} c5 $146 ({Predecessor:} 11... Qe7 12. O-O Nd7 13. Rad1 g6 14. Rfe1 Rfe8 15. h4 Bg7 16. b4 a6 17. Qb3 Qd6 {1-0 (44) Jaracz,P (2456)-Babiy,O (2300) Chess.com INT 2021}) 12. Qxd7 Nxd7 13. Rd1 Rfd8 14. O-O a6 15. Rfe1 Rac8 16. e3 c4 17. g4 h6 18. h4 Nf8 19. Kh2 Ne6 20. Kg3 b5 21. Ne5 Nc5 22. Nxc4 (22. f4 {is interesting.} Na4 23. Nxa4 bxa4 24. Rc1) 22... dxc4 {[%emt 0:01:37] The position is equal.} (22... bxc4 {is more complex.} 23. dxc5 Rxc5 24. Rd2 Ra5) 23. dxc5 Bxg2 24. Kxg2 Bxh4 25. Ne4 Be7 26. Rd4 Rc6 27. Rxd8+ Bxd8 $11 {[%emt 0:00:07][%mdl 4096] Endgame KRB-KRN} 28. Rd1 Be7 29. Rd5 Kf8 30. Kf3 Ke8 31. a4 bxa4 32. Rd4 c3 33. Nxc3 a3 34. bxa3 Rxc5 35. Nd5 Bh4 36. Nb4 a5 37. Nd3 Rc3 38. a4 Bf6 39. Re4+ Kf8 40. Ne5 {[%emt 0:00:41] Strongly threatening Nd7+.} g6 41. Nc4 Bd8 42. Rd4 Bf6 43. Rf4 Bg5 44. Rd4 Bf6 45. Re4 Bd8 46. Nd6 Be7 47. Nb7 Bb4 48. Re5 $1 Ra3 49. Nxa5 Rxa4 50. Nc6 {[%emt 0:00:11] [#] Threatens to win with Re4.} Bc3 51. Rc5 Bf6 52. Rc2 Kg7 53. Kg3 g5 54. Rd2 Ra6 55. Rc2 Ra4 56. Kf3 Kg6 57. Nb8 Ra7 58. Rc6 Re7 59. Na6 Re6 60. Rxe6 fxe6 {[%emt 0:00:05] KB-KN} 61. Nc5 Kf7 62. Ke4 Be7 63. Nd3 Bd6 64. Ne5+ $1 Kf6 65. Nc4 Bc7 66. Kd4 Kg6 67. Ne5+ Kf6 68. Nd3 Kg6 69. Kc5 h5 {[%emt 0:01:16] [#] And now ...h4 would win.} 70. gxh5+ Kxh5 71. Kc6 Bh2 72. Kd7 Kg4 73. Kxe6 Kf3 74. Kf5 Ke2 75. Ke4 g4 {[%emt 0:00:09] An even fight not without its subleties.  Weighted Error Value: White=0.02 (flawless) /Black=0.03 (flawless)} 1/2-1/2

[Event "13th Dolomiti-Forni di Sopra-A 2022"]
[Site "Forni di Sopra"]
[Date "2022.06.13"]
[Round "2.5"]
[White "Korneev, Oleg"]
[Black "Ceschia, Ivano"]
[Result "1-0"]
[ECO "B47"]
[WhiteElo "2521"]
[BlackElo "2252"]
[Annotator "TA"]
[PlyCount "81"]
[EventDate "2022.06.13"]
[EventType "swiss"]
[EventCountry "ITA"]
[SourceTitle "playchess.com"]
[Source "ChessBase"]
[SourceQuality "1"]
[TimeControl "40/5400+30:1800+30"]

1. e4 c5 2. Nf3 Nc6 3. Nc3 e6 4. d4 cxd4 5. Nxd4 Qc7 6. Be2 Nf6 7. O-O Nxd4 8. Qxd4 Bc5 9. Qd3 a6 10. a3 b5 {[%emt 0:05:39] B47: Sicilian: Taimanov: 5 Nc3 Qc7 6 f4, 6 g3 and 6 Be2.} 11. Bf3 {[%emt 0:18:01][%cal Oe4e5] And now e5! would win.} Rb8 12. Bg5 {[%emt 0:00:38] [#]} Bd6 $146 {[%emt 0:03:03] The position is equal.} ({Predecessor:} 12... d6 13. b4 Bb6 14. Rad1 Nd7 15. Qxd6 Qxd6 16. Rxd6 Bc7 17. Rd2 Ne5 18. Be2 f6 {0-1 (48) Gracia Alvarez,G (2241)-Dobrowolski,P (2413) Chess.com INT 2021}) 13. g3 Be5 14. Bd2 Bb7 15. Bg2 d5 16. exd5 Rd8 17. Qe2 Nxd5 18. Nxd5 Bxd5 19. Ba5 Qxa5 20. Qxe5 O-O 21. Rfd1 Bxg2 22. Kxg2 Qb6 23. Qe4 {[%emt 0:01:58] Against Qc6. Active counter play!} Rd6 24. c4 f5 25. Rxd6 Qxd6 26. c5 fxe4 27. cxd6 $11 {[%emt 0:00:02][%mdl 4096] Endgame KR-KR} Rd8 28. Rd1 Kf7 29. Kf1 e5 30. Ke2 Ke6 31. Ke3 Rxd6 32. Rxd6+ Kxd6 33. Kxe4 {[%emt 0:00:06] KP-KP} Ke6 34. g4 g6 35. f4 exf4 36. Kxf4 Kf6 $2 {[%emt 0:03:43][%mdl 8192] [#]} (36... h6 $11) 37. g5+ $1 $18 {[%emt 0:00:29] White is clearly winning.} Ke6 {[%emt 0:02:32] [#]} 38. Ke4 $1 b4 39. axb4 Kd6 40. b5 axb5 41. b4 {[%emt 0:03:27] Weighted Error Value: White=0.03 (flawless) /Black=0.02 (flawless)} 1-0

[Event "13th Dolomiti-Forni di Sopra-A 2022"]
[Site "Forni di Sopra"]
[Date "2022.06.13"]
[Round "2.6"]
[White "Podetti, Davide"]
[Black "Karttunen, Mika"]
[Result "1/2-1/2"]
[ECO "B51"]
[WhiteElo "2238"]
[BlackElo "2488"]
[Annotator "TA"]
[PlyCount "120"]
[EventDate "2022.06.13"]
[EventType "swiss"]
[EventCountry "ITA"]
[SourceTitle "playchess.com"]
[Source "ChessBase"]
[SourceQuality "1"]
[TimeControl "40/5400+30:1800+30"]

1. e4 c5 2. Nf3 d6 3. Bb5+ Nc6 4. O-O Bd7 5. Re1 Nf6 6. c3 a6 7. Bf1 Bg4 8. d4 cxd4 9. cxd4 d5 10. e5 {[%emt 0:08:15] B51: Sicilian: Moscow Variation (3 Bb5+) without 3...Bd7.} Ng8 11. Be3 e6 12. Nbd2 {[%emt 0:06:43] [#]} Qb6 $146 ({Predecessor:} 12... Bb4 13. Re2 Nge7 14. h3 Bh5 15. a3 Bxd2 16. Rxd2 Nf5 17. Be2 Nxe3 18. fxe3 f6 {½-½ (39) Hernandez Sanchez,J (2401)-Cardoso Cardoso,J (2350) El Bagre 2019}) 13. Qa4 Qb4 14. Qxb4 Bxb4 15. Rec1 f6 16. a3 Ba5 17. b4 Bb6 {[%emt 0:00:16] [#]} 18. b5 (18. Bxa6 $1 $16 Rxa6 19. b5) 18... axb5 $11 19. Bxb5 Nge7 20. Rab1 {[%emt 0:04:43] aiming for Bxc6+.} Bd8 21. a4 O-O 22. h3 Bh5 23. g4 Be8 24. Re1 ({Better is} 24. exf6 Rxf6 25. Bd3) 24... f5 25. Bg5 (25. Nb3 $11) 25... h6 $17 26. Bxe7 Bxe7 27. gxf5 Rxf5 28. Bd3 Rf4 29. Rxb7 Bd8 (29... Rxa4 $2 30. Bb5 Rb4 31. Bxc6 Rxb7 32. Bxb7 $18) 30. Bb5 (30. Re3 $11 {remains equal.}) 30... Na5 ({Resist} 30... Nxd4 31. Nxd4 Rxd4 32. Bxe8 $16) 31. Bxe8 Nxb7 32. Rb1 Na5 33. Kg2 Bc7 34. Bd7 Kf7 35. Kg3 g5 36. h4 Ke7 37. Bb5 Raf8 ({Black should play} 37... Rh8 $17 38. hxg5 hxg5) 38. hxg5 $11 h5 $36 {[%emt 0:01:39][%cal Oa5c4][%mdl 2048] Black fights for an advantage.} 39. Be2 {[%emt 0:04:23] Inhibits Nc4.} Rg4+ 40. Kh3 Rb8 41. Rxb8 Bxb8 42. Nf1 {[%emt 0:00:27] Strongly threatening Ng3.} Nc6 43. Ne3 $2 (43. Ng3 $1 $11) 43... Nxd4 $17 44. Nxg4 hxg4+ 45. Kxg4 Nxe2 46. g6 $2 (46. a5 $17) 46... Kf8 $19 47. Ng5 Nd4 ({Stronger than} 47... Bxe5 48. Nxe6+ Ke7 49. f4 $11 (49. Kf5 Bc3 $11)) 48. f4 (48. Nf7 {was necessary.}) 48... Kg7 {[%emt 0:02:36] Threatens to win with ...Bc7.} 49. Kh5 Bc7 50. Nf7 Ne2 $2 (50... Bb6 $19 51. Nd6 Nf5 52. Ne8+ Kh8) 51. Nd6 $1 $11 {[%emt 0:02:09] The position is equal.} Nxf4+ 52. Kg5 $1 {[%emt 0:00:17] [#] Hoping for Ne8+.} Nxg6 53. Ne8+ Kf7 54. Nxc7 Nxe5 {[%emt 0:00:03][%mdl 4096] Endgame KN-KN} 55. a5 Nc6 56. a6 Na7 57. Nxd5 exd5 58. Kf5 Nc6 59. a7 $1 Nxa7 {[%emt 0:00:04] ( -> ...Nb5)} 60. Ke5 Nc8 {[%emt 0:03:38] White happily takes the draw.  Weighted Error Value: White=0.29 (precise) /Black=0.27 (precise)} 1/2-1/2

[Event "13th Dolomiti-Forni di Sopra-A 2022"]
[Site "Forni di Sopra"]
[Date "2022.06.13"]
[Round "2.7"]
[White "Prraneeth Vuppala"]
[Black "Harshita Guddanti"]
[Result "1/2-1/2"]
[ECO "C84"]
[WhiteElo "2447"]
[BlackElo "2208"]
[Annotator "TA"]
[PlyCount "116"]
[EventDate "2022.06.13"]
[EventType "swiss"]
[EventCountry "ITA"]
[SourceTitle "playchess.com"]
[Source "ChessBase"]
[SourceQuality "1"]
[TimeControl "40/5400+30:1800+30"]

1. e4 e5 2. Nf3 Nc6 3. Bb5 a6 4. Ba4 Nf6 5. O-O Be7 6. d3 b5 7. Bb3 d6 8. c3 O-O 9. a4 {[%emt 0:00:22] Recently 9.h3 got a lot of attention. C84: Closed Ruy Lopez: Unusual White 6th moves.} Bd7 10. Bc2 Re8 11. Re1 {[%emt 0:01:37] White has an edge.} Bf8 12. Bg5 b4 13. Nbd2 h6 14. Bh4 {[%emt 0:08:45] [#]} g5 $146 ({Predecessor:} 14... Be7 15. Bg3 g6 16. h3 Nh5 17. Bh2 Bg5 18. Nc4 Bf4 19. d4 Rb8 20. Ne3 Bxh2+ 21. Kxh2 {1-0 (53) Swiercz,D (2665)-Gajewski,G (2633) Poznan 2016}) 15. Bg3 Bg7 16. h3 Rb8 17. a5 bxc3 18. bxc3 Nh5 (18... Ne7 $11) 19. Bh2 (19. Nxe5 {seems wilder.} Rxe5 20. Bxe5 Bxe5 21. d4) 19... Nf4 20. Bxf4 exf4 21. d4 h5 22. Nh2 {[%emt 0:06:22] Prevents g4.} Rb2 23. Nc4 Rb5 24. d5 ({White should play} 24. Ba4 $16) 24... Ne5 25. Nxe5 Rxe5 26. Nf3 (26. Ba4 $5 Rxa5 27. Bxd7 Rxa1 28. Qxa1 Qxd7 29. Nf3 $14) 26... g4 27. Nxe5 Bxe5 28. hxg4 $2 (28. Ba4 $1 $11 {and White has nothing to worry.} Rc5 29. Bxd7 Qxd7 30. Rf1) 28... hxg4 (28... Qh4 $142 29. Qd3 (29. gxh5 $2 Rb2 $19) (29. Qf3 $2 hxg4 30. g3 fxg3 $19) 29... hxg4) 29. Ba4 $2 {[%emt 0:00:36] [#]} (29. g3 Qf6 30. Qd3) 29... Qh4 $1 $19 30. Ra2 {[%emt 0:00:35] [#]} (30. Re2 f3) 30... Rxa5 (30... Rb1 $142 $3 31. g3 (31. f3 Rxd1) 31... Rxd1 32. Rxd1 fxg3 $1 33. fxg3 Qxg3+ 34. Kh1 Bf4 $1 35. Re2 Qf3+ 36. Rg2 g3 $1 37. Rb1 Bh3 38. Rb8+ Kg7 39. Rbb2 Qf1+ 40. Rg1 g2+ 41. Rbxg2+ Bxg2#) 31. g3 Qh3 (31... fxg3 {( -> ...Qh2+)} 32. fxg3 Qxg3+ 33. Rg2 Bxa4 34. Qxg4+ Qxg4 35. Rxg4+ Kf8) 32. Bxd7 {[%emt 0:00:22] [#]} fxg3 $1 33. Qxg4+ Qxg4 34. Bxg4 Rxa2 35. fxg3 {[%emt 0:00:11][%mdl 4096] Endgame KRB-KRB} (35. Re2 {was worth a try.} Ra1+ 36. Kg2) 35... Rc2 ({Weaker is} 35... Bxc3 36. Rc1 Bd4+ 37. Kf1) (35... a5 $1 $19 {[%cal Ra5a4] is more deadly. Threatens to win with ...a4.} 36. Re2 Ra1+ 37. Kf2 a4) 36. Bd7 (36. Ra1 $142) 36... Rxc3 (36... Bxc3 $142 37. Rb1 a5) 37. g4 ({Better is} 37. Ra1) 37... a5 $17 38. Re2 (38. Ra1 $17 {is a better defense.}) 38... Kf8 39. Ra2 Ke7 40. Bc6 Bd4+ 41. Kg2 Bb6 42. Re2 (42. g5 $17) 42... Kf6 43. Re1 Rc2+ 44. Kh3 Kg5 45. Rf1 Bf2 46. Kg2 $2 (46. Be8 {might work better.}) 46... Bd4+ $19 47. Kh3 Be5 48. Rf5+ Kg6 49. g5 Kh5 50. g6+ Kxg6 51. Be8 Bf6 52. Rf3 Re2 53. Bd7 (53. Rg3+ $142 Kh6 54. Ra3) 53... Ra2 54. Rg3+ Bg5 55. Kg4 Bc1 (55... a4 $19 {Hoping for ...a3.} 56. e5 dxe5) 56. Rc3 $17 {[%emt 0:00:21] [#]} Bb2 57. Rxc7 {[%emt 0:00:04] [#]} (57. Rc4 $17) 57... Be5 (57... a4 $1 $19 58. Ra7 a3) 58. Ra7 Ra1 {[%emt 0:00:57] Weighted Error Value: White=0.58/Black=0.39} (58... Kf6 $17 59. Be8 Bh2 60. Rxf7+ Ke5 61. Re7+ Kd4) 1/2-1/2

[Event "13th Dolomiti-Forni di Sopra-A 2022"]
[Site "Forni di Sopra"]
[Date "2022.06.13"]
[Round "2.8"]
[White "Vezzosi, Paolo"]
[Black "Goh, Zi Han"]
[Result "1/2-1/2"]
[ECO "D30"]
[WhiteElo "2225"]
[BlackElo "2087"]
[Annotator "NA RC"]
[PlyCount "86"]
[EventDate "2022.06.13"]
[EventType "swiss"]
[EventCountry "ITA"]
[SourceTitle "playchess.com"]
[Source "ChessBase"]
[SourceQuality "1"]
[TimeControl "40/5400+30:1800+30"]

1. d4 d5 2. c4 c6 3. Nf3 Nf6 4. e3 e6 5. Bd3 Nbd7 6. b3 Be7 7. O-O O-O 8. Nbd2 dxc4 9. bxc4 c5 10. Qe2 cxd4 11. exd4 b6 12. Bb2 Bb7 13. Rfd1 Re8 14. Ne5 Qc7 15. Ndf3 Rad8 16. Nxf7 Bxf3 17. Qxe6 Bh5 18. Nxd8+ Kf8 19. Re1 Qxd8 20. Re3 Qc7 21. Qh3 Bd6 22. Rxe8+ Bxe8 23. Re1 Bf7 24. Bxh7 Qxc4 25. Bf5 Qb5 26. Ba3 Bxa3 27. Qxa3+ Kg8 28. Bxd7 Qxd7 29. Qb2 Nd5 30. a3 a5 31. h3 Qd6 32. Rc1 Nf4 33. Rc3 Qxd4 34. Rc8+ Kh7 35. Qxd4 Ne2+ 36. Kf1 Nxd4 37. Ke1 b5 38. Kd2 b4 39. axb4 axb4 40. Rb8 b3 41. f4 Nf5 42. g4 Nd6 43. f5 Bd5 1/2-1/2

[Event "13th Dolomiti-Forni di Sopra-A 2022"]
[Site "Forni di Sopra"]
[Date "2022.06.13"]
[Round "2.9"]
[White "Kozlovic, Jernej"]
[Black "Pozzari, Simone"]
[Result "1-0"]
[ECO "D02"]
[WhiteElo "2005"]
[BlackElo "2184"]
[Annotator "RC"]
[PlyCount "69"]
[EventDate "2022.06.13"]
[EventType "swiss"]
[EventCountry "ITA"]
[SourceTitle "playchess.com"]
[Source "ChessBase"]
[SourceQuality "1"]
[TimeControl "40/5400+30:1800+30"]

1. Nf3 d5 2. d4 e6 3. Bf4 c5 4. c3 Nc6 5. e3 Nf6 6. Nbd2 Nh5 7. Be5 f6 8. Bg3 Nxg3 9. hxg3 Qb6 10. Qc2 cxd4 11. exd4 Bd7 12. Bd3 O-O-O 13. Rxh7 Rxh7 14. Bxh7 Kb8 15. O-O-O e5 16. Nf1 e4 17. N3d2 Nxd4 18. Nc4 Nxc2 19. Nxb6 axb6 20. Kxc2 Bb5 21. Kc1 Bc5 22. Ne3 Bd3 23. b4 Bxe3+ 24. fxe3 Rc8 25. Kb2 g5 26. Rh1 Rh8 27. Rh3 Bf1 28. Bf5 Rf8 29. Rh2 Kc7 30. g4 Kc6 31. g3 Kb5 32. a4+ Kxa4 33. Rh1 Kb5 34. Rxf1 Kc4 35. Rd1 1-0

[Event "13th Dolomiti-Forni di Sopra-A 2022"]
[Site "Forni di Sopra"]
[Date "2022.06.13"]
[Round "2.10"]
[White "Vezzani, Stefano"]
[Black "Higatsberger, Michael"]
[Result "0-1"]
[ECO "B20"]
[WhiteElo "2135"]
[BlackElo "2046"]
[Annotator "RC"]
[PlyCount "55"]
[EventDate "2022.06.13"]
[EventType "swiss"]
[EventCountry "ITA"]
[SourceTitle "playchess.com"]
[Source "ChessBase"]
[SourceQuality "1"]
[TimeControl "40/5400+30:1800+30"]

1. e4 c5 2. b3 g6 3. Bb2 Nf6 4. e5 Nd5 5. Nc3 Nxc3 6. dxc3 Bg7 7. f4 O-O 8. Nf3 d6 9. Be2 dxe5 10. Nxe5 Nd7 11. Nc4 b5 12. Ne3 Rb8 13. O-O e6 14. Qe1 Bb7 15. Rd1 Bc6 16. Qg3 Qc7 17. Ba1 Nf6 18. Bf3 Rfd8 19. c4 Bxf3 20. Qxf3 b4 21. Be5 Qa5 22. Bxb8 Rxb8 23. Qc6 Ne8 24. Ng4 Bd4+ 25. Kh1 Qa4 26. a3 Qxa3 27. Qd7 Qa2 28. Nf6+ 0-1

[Event "13th Dolomiti-Forni di Sopra-A 2022"]
[Site "Forni di Sopra"]
[Date "2022.06.13"]
[Round "2.12"]
[White "Molina, Fabrizio"]
[Black "Fiorido, Giuseppe"]
[Result "1-0"]
[ECO "A18"]
[WhiteElo "2124"]
[BlackElo "2002"]
[Annotator "NA RC"]
[PlyCount "21"]
[EventDate "2022.06.13"]
[EventType "swiss"]
[EventCountry "ITA"]
[SourceTitle "playchess.com"]
[Source "ChessBase"]
[SourceQuality "1"]
[TimeControl "40/5400+30:1800+30"]

1. c4 Nf6 2. Nc3 e6 3. e4 d5 4. e5 d4 5. exf6 dxc3 6. fxg7 cxd2+ 7. Bxd2 Bxg7 8. Qb3 Qd4 9. O-O-O Qb6 10. Qc2 Nc6 11. c5 1-0

[Event "13th Dolomiti-Forni di Sopra-A 2022"]
[Site "Forni di Sopra"]
[Date "2022.06.13"]
[Round "2.13"]
[White "Candian, Lorenzo"]
[Black "Lavorgna, Giovanni"]
[Result "0-1"]
[ECO "B88"]
[WhiteElo "2048"]
[BlackElo "1834"]
[Annotator "TA"]
[PlyCount "39"]
[EventDate "2022.06.13"]
[EventType "swiss"]
[EventCountry "ITA"]
[SourceTitle "playchess.com"]
[Source "ChessBase"]
[SourceQuality "1"]
[TimeControl "40/5400+30:1800+30"]

1. e4 c5 2. Nf3 d6 3. d4 cxd4 4. Nxd4 Nf6 5. Nc3 Nc6 6. Bc4 e6 7. Be3 Be7 8. O-O a6 9. Bb3 O-O 10. f4 Nxd4 11. Bxd4 b5 12. Qf3 {[%emt 0:02:44] B88: Sicilian: Sozin Attack.} (12. e5 $11 dxe5 13. fxe5) 12... Bb7 $15 13. Rae1 b4 14. Na4 {[%emt 0:00:19] [#] Black is slightly better.} Qc7 $146 (14... Bc6 $15) ({Predecessor:} 14... Nd7 15. Qg4 e5 16. fxe5 dxe5 17. Be3 Nf6 18. Qg3 Nxe4 19. Qxe5 Bd6 20. Qh5 Nf6 21. Qg5 h6 22. Qf5 Be4 23. Qf2 Ng4 24. Qe2 Bxh2+ {0-1 (24) Lini,D-Napoli Costa,A Italy 1987}) 15. g4 (15. Qg3 $11 {keeps the balance.}) 15... e5 $17 16. Bf2 exf4 (16... Bc6 $5 ) 17. Nb6 Rab8 18. Qxf4 Nxe4 (18... Bc6 $5 19. Bd4 Rxb6 $11) 19. Rxe4 Bxe4 20. Qxe4 {[%emt 0:00:17][%mdl 32768] Weighted Error Value: White=0.32/Black=0.17 (very precise) . Loss on time!?} 0-1

[Event "13th Dolomiti-Forni di Sopra-A 2022"]
[Site "Forni di Sopra"]
[Date "2022.06.14"]
[Round "3.4"]
[White "Ambardekar, Harshavardhan"]
[Black "Ceres, Dragos"]
[Result "1-0"]
[ECO "C78"]
[WhiteElo "1656"]
[BlackElo "2380"]
[Annotator "TA"]
[PlyCount "127"]
[EventDate "2022.06.13"]
[EventType "swiss"]
[EventCountry "ITA"]
[SourceTitle "playchess.com"]
[Source "ChessBase"]
[SourceQuality "1"]
[TimeControl "40/5400+30:1800+30"]

1. e4 e5 2. Nf3 Nc6 3. Bb5 a6 4. Ba4 Nf6 5. O-O b5 6. Bb3 Bb7 7. Re1 Bc5 8. c3 d6 9. d4 Bb6 10. a4 h6 11. axb5 axb5 12. Rxa8 Qxa8 13. Na3 exd4 {[%emt 0:08:16] C78: Ruy Lopez: Archangelsk and Möller Defences.} 14. cxd4 O-O {[%emt 0:00:18] Black wants to play ...Na5.} 15. Nxb5 Na5 {[%emt 0:00:23] The position is equal.} 16. Bc2 Bxe4 17. Bxe4 Nxe4 {[%emt 0:00:04] [#]} 18. Nh4 $146 ({Predecessor:} 18. Qc2 Nf6 19. Bd2 Qd5 20. Nxc7 Qc4 21. Qxc4 Nxc4 22. Nb5 Rb8 23. Ra1 Ba5 24. Nxd6 Nxd2 25. Rxa5 Rxb2 26. Nxd2 Rxd2 {1-0 (55) Bosiocic,M (2611)-Sonis,F (2459) Spilimbergo 2019}) 18... Re8 19. Nf5 Nf6 {[%emt 0:00:19] Inhibits Qg4.} 20. h3 Nc6 21. Re3 Rxe3 22. Bxe3 Qa5 23. Qe2 Na7 24. Ne7+ Kf8 25. Nxa7 Qxa7 26. Nf5 {[%emt 0:01:41][%cal Oe3h6] aiming for Bxh6!} Qa1+ 27. Kh2 Qb1 (27... Qa5 $5 28. g4 Nd5 $11) 28. Qb5 d5 {[%emt 0:06:11] [#]} 29. Nd6 Qc2 ({Don't do} 29... cxd6 30. Qxb6 Ke7 31. Bf4 $16) (29... Qa2 30. Qc6) 30. g4 Kg8 31. Nc8 Qc4 32. Qxc4 dxc4 33. Nxb6 cxb6 $14 {[%emt 0:00:03][%mdl 4096] Endgame KB-KN} 34. Kg3 b5 35. Kf4 {[%emt 0:00:00] Hoping for Ke5.} b4 36. Ke5 c3 {[%emt 0:00:17] Prevents Bd2.} 37. b3 Kf8 38. d5 Ke8 39. Kd4 Kd7 40. f3 g5 (40... Nh7 $11 {remains equal.}) 41. Kc5 c2 (41... Kc7 $142) 42. Bc1 Kc7 43. d6+ Kd7 44. Kxb4 (44. Bd2 $18) 44... Nd5+ $16 45. Ka3 {[%emt 0:00:04] Threatens to win with Kb2.} Kxd6 (45... Nc3 $16 {is a better defense.}) 46. Kb2 $18 Ke5 47. Kxc2 Kd4 {[%emt 0:00:14] [#]} 48. Bd2 {[%emt 0:02:49] Against Nb4+} f6 $2 {[%emt 0:00:41] [#]} (48... Nc7 49. f4 Ne6) 49. Bc1 $1 Nb4+ 50. Kd2 {[%emt 0:00:00] Strongly threatening Bb2+.} Nd3 {[%emt 0:00:00] Prevents Bb2+.} (50... Nd5 51. Bb2+ Kc5 52. Ba3+ Kd4 53. Bb2+ Kc5) 51. Ba3 Nf4 52. Bb2+ Kd5 53. Bxf6 Nxh3 54. Bg7 Kc5 55. Bf8+ Kb5 56. Ke3 Ka5 57. Kd4 Kb5 58. Ke4 Ka5 59. Kd5 (59. Bxh6 $142 Kb4 60. Kf5) 59... Kb5 60. Bxh6 Kb4 {[%emt 0:00:00] [#]} 61. Bxg5 $1 {[%emt 0:00:00][%mdl 512] White mates.} Nxg5 62. f4 Nh3 63. Ke5 Kxb3 64. g5 {[%emt 0:00:00] Weighted Error Value: White=0.06 (flawless) /Black=0.29 (precise)} 1-0

[Event "13th Dolomiti-Forni di Sopra-A 2022"]
[Site "Forni di Sopra"]
[Date "2022.06.14"]
[Round "4.1"]
[White "Bernadskiy, Vitaliy"]
[Black "Ambardekar, Harshavardhan"]
[Result "1/2-1/2"]
[ECO "B50"]
[WhiteElo "2636"]
[BlackElo "1656"]
[Annotator "RC"]
[PlyCount "82"]
[EventDate "2022.06.13"]
[EventType "swiss"]
[EventCountry "ITA"]
[SourceTitle "playchess.com"]
[Source "ChessBase"]
[SourceQuality "1"]
[TimeControl "40/5400+30:1800+30"]

1. e4 c5 2. Nf3 d6 3. Nc3 Nf6 4. e5 dxe5 5. Nxe5 Nbd7 6. d4 Nxe5 7. dxe5 Qxd1+ 8. Nxd1 Nd5 9. Ne3 Nxe3 10. Bxe3 e6 11. O-O-O Bd7 12. h4 h5 13. Bg5 Be7 14. Rh3 Bxg5+ 15. hxg5 Ke7 16. Rc3 b6 17. b4 Rhc8 18. b5 Rd8 19. Ra3 Rdc8 20. g4 Rc7 21. gxh5 c4 22. Be2 Bxb5 23. Rh3 Bc6 24. Rd4 b5 25. Kd2 Bd5 26. f4 Rc5 27. Bf3 Bxf3 28. Rxf3 b4 29. Rh3 a5 30. h6 gxh6 31. gxh6 Rc6 32. h7 Rh8 33. Rh6 Rc7 34. Rh1 a4 35. c3 b3 36. a3 Rd7 37. Ke3 Rc7 38. Kd2 f6 39. Rh6 fxe5 40. fxe5 Rd7 41. Ke3 Ke8 1/2-1/2

[Event "13th Dolomiti-Forni di Sopra-A 2022"]
[Site "Forni di Sopra"]
[Date "2022.06.14"]
[Round "4.8"]
[White "Cappelletto, Joshuaede"]
[Black "Barnes, Michael H"]
[Result "1/2-1/2"]
[ECO "B90"]
[WhiteElo "2276"]
[BlackElo "2159"]
[Annotator "NA RC"]
[PlyCount "86"]
[EventDate "2022.06.13"]
[EventType "swiss"]
[EventCountry "ITA"]
[SourceTitle "playchess.com"]
[Source "ChessBase"]
[SourceQuality "1"]
[TimeControl "40/5400+30:1800+30"]

1. e4 c5 2. Nf3 d6 3. d4 cxd4 4. Nxd4 Nf6 5. Nc3 a6 6. h4 e5 7. Nb3 Be7 8. Bg5 Be6 9. Bxf6 Bxf6 10. g3 Be7 11. Qd2 Nd7 12. O-O-O Rc8 13. Kb1 O-O 14. f4 b5 15. f5 Bc4 16. g4 Qc7 17. Rh2 b4 18. Nd5 Bxd5 19. Qxd5 Nf6 20. Qd3 d5 21. exd5 e4 22. Qh3 Rfd8 23. Rhd2 Nxd5 24. Bxa6 e3 25. Bxc8 exd2 26. Ba6 Qe5 27. g5 Ne3 28. Rxd2 Rxd2 29. Nxd2 Nxf5 30. Qh1 Qf4 31. Nf3 g6 32. Bd3 Ng3 33. Qd1 Kg7 34. b3 h6 35. Bc4 hxg5 36. hxg5 Ne4 37. Qd4+ Kh7 38. Qe5 Nd2+ 39. Kb2 Nxc4+ 40. bxc4 Qxf3 41. Qxe7 Qc3+ 42. Kb1 Qxc4 43. Qf6 Kg8 1/2-1/2